 Dungeon Crawl Stone Soup version 0.31-a0-237-g2d982f9f85 (webtiles) character file.

Game seed: 9849887759906489541

263 qw the Shooter (level 6, -4/38 HPs)
             Began as a Gargoyle Hexslinger on July 11, 2023.
             Slain by a gnoll bouda
             ... wielding a +0 club
              (5 damage)
             ... on level 4 of the Dungeon.
             The game lasted 00:00:59 (2087 turns).

qw the Shooter (Gargoyle Hexslinger)                Turns: 2087, Time: 00:01:00

Health: -4/38      AC:  9    Str: 10    XL:     6   Next: 19%
Magic:  7/7        EV: 11    Int: 13    God:
Gold:   190        SH:  0    Dex: 14    Spells: 6/7 levels left

rFire   . . .        Y - +3 sling
rCold   . . .        (no shield)
rNeg    + . .        i - +0 ring mail
rPois   inf          (no helmet)
rElec   +            (no cloak)
rCorr   .            (no gloves)
SInv    .            (no boots)
Will    .....        (no amulet)
Stlth   ++           b - +4 ring of slaying {mikee}
HPRegen 0.26/turn    (no ring)
MPRegen 0.10/turn

%: no passive effects
@: weakened
A: sickness immunity, AC +4, negative energy resistance 1, electricity
resistance, torment resistance 1, petrification resistance, camouflage 1, weak
1, sturdy frame 1
a: no special abilities


You were on level 4 of the Dungeon.
You visited 1 branch of the dungeon, and saw 4 of its levels.

You collected 190 gold pieces.


Innate Abilities, Weirdness & Mutations

You are immune to sickness and miasma.
Your stone body is resilient. (AC +4)
You are immune to poison.
You resist negative energy. (rN+)
You are resistant to electric shocks. (rElec)
You are resistant to unholy torment.
You are immune to petrification.
Your skin changes colour to match your surroundings (Stealth+).
You are weak. (Str -2)
Your movements are slightly less encumbered by armour. (ER -2)


   Skills:
 - Level 3.6 Fighting
 + Level 5.0 Ranged Weapons
 - Level 1.7 Armour
 - Level 1.5 Dodging
 - Level 1.0 Spellcasting
 - Level 2.6 Hexes


You had 6 spell levels left.
You knew the following spells:

 Your Spells              Type           Power      Damage    Failure   Level
a - Slow                  Hex            28%        N/A       16%         1

Your spell library contained the following spells:

 Spells                   Type           Power      Damage    Failure   Level
 Inner Flame              Hex/Fire       4%         N/A       61%         3
 Portal Projectile        Hex/Tloc       8%         N/A       61%         3
 Cause Fear               Hex            3%         N/A       83%         4

Inventory:

Hand Weapons
 Y - a +3 sling (weapon)
Armour
 a - a +0 cloak
 i - a +0 ring mail (worn)
Jewellery
 b - a +4 ring of slaying (left hand) {mikee}
Potions
 e - a potion of berserk rage {unknown}
 f - a potion of curing
 g - a potion of haste {unknown}
 h - a potion of mutation

Dungeon Overview and Level Annotations

Branches:
Dungeon (4/15)
 Temple: D:4-7

Altars:

Shops:
D:4 *


Message History

You shoot a sling bullet. The sling bullet hits the gnoll!
The gnoll is almost dead.
The gnoll hits you with a +0 whip. The gnoll closely misses you.
You shoot a sling bullet. The sling bullet hits the gnoll!
You kill the gnoll!
The gnoll hits you with a +0 whip. The scorpion stings you.
You shoot a sling bullet. The sling bullet hits the scorpion.
The scorpion is moderately wounded.
The gnoll hits you with a +0 whip! The scorpion barely misses you.
You shoot a sling bullet. The sling bullet hits the scorpion.
The scorpion is severely wounded.
The scorpion stings you but does no damage.
The gnoll hits you but does no damage.
The scorpion stings you but does no damage.
You shoot a sling bullet. The sling bullet hits the scorpion.
The scorpion is almost dead.
The gnoll hits you but does no damage.
The scorpion stings you but does no damage.
The gnoll bouda hits you with a +0 club.
You shoot a sling bullet.
The sling bullet barely misses the scorpion.
The scorpion barely misses you. The gnoll hits you but does no damage.
The gnoll bouda barely misses you.
The scorpion stings you but does no damage.
You shoot a sling bullet. The sling bullet hits the scorpion!
You kill the scorpion!
The gnoll hits you but does no damage.
The gnoll bouda hits you with a +0 club.
The gnoll hits you with a +0 whip.
The gnoll bouda gazes fiercely through you!
You feel your attacks grow feeble.
The gnoll bouda hits you with a +0 club.
Your Fighting skill increases to level 3!
You have reached level 6!
You shoot a sling bullet.
The sling bullet completely misses the gnoll bouda.
You hear the slow hiss of a distant avalanche of sand.
The gnoll is no longer moving quickly.
The gnoll barely misses you.
The gnoll bouda hits you with a +0 club.
You die...

##.......#####......
#.......## #####..
#......## ##.
##....## #. ##..##
#. #.## .. #.# ..%
##.## 7.7 #g@.#
#...g)# ###....#
......# .........
###.#...#). #.
#.#.$.. #. \.....


You could see a gnoll bouda and a gnoll.

Vanquished Creatures
  A scorpion (D:4)
  A hound (D:3)
  An orc wizard (D:2)
  3 gnolls
  4 adders
  A worm (D:3)
  2 dart slugs
  3 orcs
  An endoplasm (D:3)
  3 giant cockroaches
  9 goblins
  7 hobgoblins
  4 jackals
  6 kobolds
  8 quokkas
  7 ball pythons
  9 bats
  2 frilled lizards (D:1)
  3 rats
75 creatures vanquished.

Notes
Turn   | Place    | Note
-------+----------+-------------------------------------------
     0 | D:1      | qw the Gargoyle Hexslinger began the quest for the Orb.
     0 | D:1      | Reached XP level 1. HP: 12/12 MP: 2/2
     0 | D:1      | 0 ||| qw: Version: 0.3-a-52-g30416fa
     0 | D:1      | 0 ||| qw: Game counter: 5442
     0 | D:1      | 0 ||| qw: Melee chars always use a shield: true
     0 | D:1      | 0 ||| qw: God list: Okawaru
     0 | D:1      | 0 ||| qw: Allow faded altars: false
     0 | D:1      | 0 ||| qw: Do Orc after clearing Dungeon:15 true
     0 | D:1      | 0 ||| qw: Do second Lair branch before Depths: true
     0 | D:1      | 0 ||| qw: Lair rune preference: random
     0 | D:1      | 0 ||| qw: Goals: Normal
     0 | D:1      | 0 ||| PLANNING D:1-11
    54 | D:1      | 54 ||| FLEEEEING.
    55 | D:1      | 55 ||| FLEEEEING.
   179 | D:1      | Reached XP level 2. HP: 12/16 MP: 3/3
   180 | D:1      | 180 ||| Stepping ~*~*~tactically~*~*~ (outnumbered).
   181 | D:1      | 181 ||| Stepping ~*~*~tactically~*~*~ (outnumbered).
   189 | D:1      | Reached skill level 3 in Ranged Weapons
   216 | D:1      | HP: 4/16 [ball python (2)]
   273 | D:1      | Reached XP level 3. HP: 20/20 MP: 4/4
   666 | D:1      | HP: 5/21 [quokka (4)]
   669 | D:1      | HP: 1/21 [quokka (2)]
   930 | D:1      | 930 ||| READING 2 scrolls labelled HABLAU BABAOD.
   931 | D:1      | 931 ||| READING scroll of enchant weapon.
   931 | D:1      | 931 ||| ENCHANTING +2 sling.
   932 | D:1      | 932 ||| READING scroll labelled GAKHUGU GUESESHRE.
   933 | D:1      | 933 ||| DROPPING scroll of poison.
  1073 | D:2      | Reached XP level 4. HP: 26/26 MP: 5/5
  1105 | D:2      | Reached skill level 4 in Ranged Weapons
  1116 | D:2      | Found a faded altar of an unknown god.
  1584 | D:2      | 1584 ||| UPGRADING to +0 leather armour.
  1594 | D:2      | 1594 ||| DROPPING +0 robe.
  1595 | D:2      | 1595 ||| UPGRADING to +0 ring mail.
  1605 | D:2      | 1605 ||| DROPPING +0 leather armour.
  1606 | D:2      | 1606 ||| UPGRADING to +4 ring of slaying {mikee}.
  1607 | D:2      | 1607 ||| READING scroll labelled NUSITODITA.
  1642 | D:3      | 1642 ||| STAIRDANCE
  1658 | D:3      | 1658 ||| STAIRDANCE
  1665 | D:2      | Reached skill level 1 in Armour
  1665 | D:2      | Reached XP level 5. HP: 29/30 MP: 6/6
  1674 | D:3      | Identified the staff of the Ten Lives {+Blink MP-9 Str+4
                  | Int+4 Earth}
  1856 | D:3      | Reached skill level 5 in Ranged Weapons
  1976 | D:3      | 1976 ||| READING scroll labelled EVAOSHINNU.
  1977 | D:3      | 1977 ||| READING scroll labelled BASTRU GELAO.
  1978 | D:3      | 1978 ||| DRINKING 2 bubbling puce potions.
  1979 | D:3      | 1979 ||| DRINKING 2 bubbling purple potions.
  1980 | D:3      | 1980 ||| DRINKING 2 white potions.
  1980 | D:3      | Gained mutation: You are weak. (Str -2) [potion of
                  | mutation]
  1980 | D:3      | Gained mutation: Your skin changes colour to match your
                  | surroundings (Stealth+). [potion of mutation]
  1980 | D:3      | Gained mutation: Your movements are slightly less
                  | encumbered by armour. (ER -2) [potion of mutation]
  1981 | D:3      | 1981 ||| DROPPING potion of attraction.
  1992 | D:4      | 1992 ||| PLANNING OSSUARY
  2073 | D:4      | Found Enitreeps's General Store.
  2084 | D:4      | HP: 6/31 [gnoll bouda/+0 club (5)]
  2086 | D:4      | HP: 2/31 [gnoll/+0 whip[a gnoll bouda] (3)]
  2087 | D:4      | Reached skill level 3 in Fighting
  2087 | D:4      | Reached XP level 6. HP: 1/38 MP: 7/7
  2087 | D:4      | Slain by a gnoll bouda

Levels and vault maps discovered:
D:1:      sevenhm_arrival_forest_fort_large_2, layout_basic,
          serial_corexii_hall, chequers_hall_statues_y,
          chequers_hall_statues_wall_a
D:2:      layout_basic, hellmonk_ecumenical_altar_zigzags,
          chequers_serial_rivers_large_a
D:3:      layout_rooms
D:4:      corexii_shack_village, layout_layer_cave,
          mainiacjoe_overflow_small_starburst, nicolae_qazlal_beasts_of_the_sky,
          serial_shops, nicolae_shop_advertising_works
          [nicolae_subvault_shop_adworks], enter_ossuary_1, uniq_edmund,
          uniq_pikel

Skill      XL: |  1  2  3  4  5 |
---------------+----------------+-----
Ranged Weapons | 3 4 5 |  5.0
Fighting       | 2 3 |  3.6
Armour         | 1 |  1.7
Dodging        | |  1.5
Spellcasting   | |  1.0
Hexes          | |  2.6

Action                     |  1- 3 |  4- 6 || total
---------------------------+-------+-------++-------
   Fire: Sling             |   141 |    89 ||   230
    Use: Scroll            |     3 |     3 ||     6
         Potion            |       |     3 ||     3
 Armour: Robe              |    45 |     3 ||    48
         Ring mail         |       |    25 ||    25
  Dodge: Dodged            |    77 |    27 ||   104

Table legend:
 A = Non-vault XP
 B = Vault XP
 C = Vault XP percentage of total XP
 D = Non-vault monster count
 E = Vault monster count
 F = Vault count percentage of total count
                 A         B        C        D         E       F
            +---------+---------+-------+---------+---------+-------
      Total |     377 |       0 |   0.0 |      75 |       0 |   0.0
            +---------+---------+-------+---------+---------+-------
        D:1 |      66 |       0 |   0.0 |      31 |       0 |   0.0
        D:2 |     106 |       0 |   0.0 |      21 |       0 |   0.0
        D:3 |      78 |       0 |   0.0 |      17 |       0 |   0.0
        D:4 |     127 |       0 |   0.0 |       6 |       0 |   0.0
            +---------+---------+-------+---------+---------+-------
